[Event "November 21 Late 2023"]
[Site "https://www.chess.com"]
[Date "2023.11.21"]
[Round "4"]
[White "Eljanov, Pavel"]
[Black "Grischuk, Alexander"]
[Result "1/2-1/2"]
[Board "4"]
[TimeControl "180+1"]
[WhiteFideId "14102951"]
[BlackFideId "4126025"]
[WhiteElo "2598"]
[BlackElo "2699"]
[WhiteTeam "UKR"]
[BlackTeam "RUS"]
[WhiteClock "0:00:07"]
[BlackClock "0:00:03"]

1. d4 e6 2. c4 b6 3. Nf3 Bb7 4. g3 Bb4+ 5. Bd2 Bxf3 6. exf3 Bxd2+ 7. Qxd2 Ne7 8. Nc3 d5 9. cxd5 Nxd5 10. Bd3 c6 11. O-O O-O 12. Rac1 Nd7 13. Nxd5 cxd5 14. Ba6 Nf6 15. Rc6 Qe7 16. Rfc1 Rfd8 17. a3 Ne8 18. f4 g6 19. h4 h5 20. Qe3 Rd6 21. R6c3 Rad8 22. Qe5 Qd7 23. b3 Qe7 24. Bb5 Kh7 25. a4 Kg8 26. Kg2 Kh7 27. Re1 Ng7 28. Bd3 R6d7 29. Rec1 Ne8 30. Qxh5+ Kg7 31. Qe5+ Qf6 32. Bb5 Re7 33. Bxe8 Rdxe8 34. Rc7 Qxe5 35. fxe5 f6 36. f4 fxe5 37. fxe5 g5 38. hxg5 Kg6 39. b4 Kxg5 40. b5 Kg4 41. Rxe7 Rxe7 42. Rf1 Rc7 43. Rf4+ Kg5 44. Rf6 Rc4 45. Rxe6 Rxd4 46. a5 bxa5 47. Ra6 Rb4 48. Rxa5 Kf5 49. Rxa7 Rxb5 50. Re7 Rb2+ 51. Kh3 d4 52. e6 d3 53. Rd7 Kxe6 54. Rxd3 Kf7 1/2-1/2

[Event "November 21 Late 2023"]
[Site "https://www.chess.com"]
[Date "2023.11.21"]
[Round "4"]
[White "Xiong, Jeffery"]
[Black "Beerdsen, Thomas"]
[Result "1-0"]
[Board "5"]
[TimeControl "180+1"]
[WhiteFideId "2047640"]
[BlackFideId "1030108"]
[WhiteElo "2726"]
[BlackElo "2550"]
[WhiteTeam "USA"]
[BlackTeam "NED"]
[WhiteClock "0:02:23"]
[BlackClock "0:01:20"]

1. e4 e5 2. Nf3 Nc6 3. Nc3 Nf6 4. d4 exd4 5. Nxd4 Nxe4 6. Nxe4 Qe7 7. Bd3 Nxd4 8. O-O Ne6 9. Re1 d5 10. Ng3 Bd7 11. f4 g6 12. f5 gxf5 13. Nxf5 Qf6 14. Bf4 Rg8 15. Bxc7 Bc6 16. Bg3 O-O-O 17. Qf3 Bc5+ 18. Kh1 d4 19. Nd6+ Bxd6 20. Qxf6 Bxg3 21. hxg3 Rxg3 22. Be4 Rdg8 23. Bxc6 bxc6 24. Qxf7 Nd8 25. Re8 1-0

[Event "November 21 Late 2023"]
[Site "https://www.chess.com"]
[Date "2023.11.21"]
[Round "4"]
[White "Bazeev, German"]
[Black "Bortnyk, Mykola"]
[Result "1/2-1/2"]
[Board "6"]
[TimeControl "180+1"]
[WhiteFideId "24119350"]
[BlackFideId "14120836"]
[WhiteElo "2418"]
[BlackElo "2592"]
[WhiteTeam "RUS"]
[BlackTeam "UKR"]
[WhiteClock "0:00:05"]
[BlackClock "0:00:09"]

1. d4 Nf6 2. Nf3 e6 3. c4 Bb4+ 4. Bd2 Bxd2+ 5. Nbxd2 d6 6. g3 Qe7 7. Bg2 O-O 8. Nf1 e5 9. Ne3 Nc6 10. h3 a5 11. O-O a4 12. Rc1 exd4 13. Nxd4 Bd7 14. Re1 Qe5 15. Nec2 Qc5 16. Qd2 Rfe8 17. e3 Ne4 18. Qd3 f5 19. Nxc6 bxc6 20. Nd4 Qe5 21. h4 c5 22. Nb5 Bxb5 23. cxb5 Kh8 24. Rc2 Rab8 25. Qc4 Ra8 26. Rd1 g6 27. Qd5 Qxd5 28. Rxd5 Rab8 29. Bf1 Nf6 30. Rdd2 Nd7 31. Bg2 Re7 32. Rc4 Nb6 33. Rf4 Kg7 34. g4 fxg4 35. Rxg4 Re5 36. Bc6 Rf8 37. Kg2 Rf6 38. e4 h5 39. Rg5 Rxg5+ 40. hxg5 Rf4 41. f3 h4 42. Rd3 Nc4 43. b3 Ne5 44. Rc3 a3 45. Bd5 Kf8 46. b4 cxb4 47. Rxc7 h3+ 48. Kxh3 Rxf3+ 49. Kg2 b3 50. axb3 Rd3 51. Ra7 Rd2+ 52. Kg3 a2 53. b6 Nd7 54. b7 Nb8 55. b4 Rb2 56. Rxa2 Rxa2 57. Bxa2 Ke7 58. Kf4 Nd7 59. Bd5 Kf8 60. Bc6 Nb8 61. b5 Ke7 62. e5 Ke6 63. exd6 Kxd6 64. Be4 Kc7 65. Ke5 Nd7+ 66. Kd4 Nf8 67. Bd5 Nh7 68. Be4 Nxg5 69. Bxg6 Kxb7 70. b6 Kxb6 1/2-1/2

[Event "November 21 Late 2023"]
[Site "https://www.chess.com"]
[Date "2023.11.21"]
[Round "4"]
[White "Maksimovic, Bojan"]
[Black "Matlakov, Maxim"]
[Result "0-1"]
[Board "7"]
[TimeControl "180+1"]
[WhiteFideId "14408120"]
[BlackFideId "4168003"]
[WhiteElo "2546"]
[BlackElo "2638"]
[WhiteTeam "BIH"]
[BlackTeam "RUS"]
[WhiteClock "0:01:03"]
[BlackClock "0:01:54"]

1. e4 e5 2. a3 Nf6 3. Nc3 Nc6 4. Nf3 d5 5. exd5 Nxd5 6. Bb5 Nxc3 7. bxc3 Bd6 8. d4 exd4 9. Nxd4 O-O 10. Nxc6 bxc6 11. Bxc6 Ba6 12. Be3 Qf6 13. Bd4 Rfe8+ 14. Bxe8 Rxe8+ 15. Kd2 Bf4+ 16. Be3 Bxe3+ 17. fxe3 Rd8+ 0-1

[Event "November 21 Late 2023"]
[Site "https://www.chess.com"]
[Date "2023.11.21"]
[Round "4"]
[White "Ibarra Jerez, Jose Carlos"]
[Black "Pakleza, Zbigniew"]
[Result "0-1"]
[Board "8"]
[TimeControl "180+1"]
[WhiteFideId "2226332"]
[BlackFideId "1119290"]
[WhiteElo "2634"]
[BlackElo "2410"]
[WhiteTeam "ESP"]
[BlackTeam "POL"]
[WhiteClock "0:00:00"]
[BlackClock "0:00:05"]

1. e4 d5 2. exd5 Nf6 3. Bb5+ Bd7 4. Be2 Nxd5 5. Nf3 Bf5 6. d4 e6 7. O-O Be7 8. a3 O-O 9. c4 Nb6 10. Nc3 Nc6 11. h3 Bf6 12. Be3 h6 13. b4 Qe7 14. Ra2 Rfd8 15. Rd2 a5 16. c5 axb4 17. axb4 Nd5 18. Nxd5 exd5 19. Qb3 Be4 20. Nh2 Bg5 21. f4 Bh4 22. Nf3 Bg3 23. Ne5 Qh4 24. b5 Ne7 25. Nf3 Qf6 26. Kh1 Nf5 27. Ne5 Qh4 28. Bg4 Nxe3 29. Qxe3 h5 30. Bf3 Bxf4 31. Qe2 Bxd2 32. Qxd2 f6 33. Bxe4 Qxe4 34. Nf3 Re8 35. Rc1 Qe3 36. Qc2 Ra2 37. Qb1 Re2 38. Rg1 Qe4 39. Qc1 Re3 40. Qd2 Qf4 41. Qf2 R8e4 42. Qf1 Re2 43. b6 Qg3 44. bxc7 Qxc7 45. Nd2 Rxd2 46. Qf5 Qd8 47. Qxh5 Rde2 48. c6 bxc6 49. Kh2 Qe8 50. Qf3 Rxd4 51. Rc1 Qe5+ 52. Kh1 Re1+ 53. Rxe1 Qxe1+ 54. Kh2 Qe5+ 0-1

[Event "November 21 Late 2023"]
[Site "https://www.chess.com"]
[Date "2023.11.21"]
[Round "4"]
[White "Zhigalko, Sergei"]
[Black "Vasquez Schroeder, Rodrigo"]
[Result "1/2-1/2"]
[Board "9"]
[TimeControl "180+1"]
[WhiteFideId "13502956"]
[BlackFideId "3400042"]
[WhiteElo "2616"]
[BlackElo "2582"]
[WhiteTeam "BLR"]
[BlackTeam "CHI"]
[WhiteClock "0:00:03"]
[BlackClock "0:00:05"]

1. e4 c6 2. d4 d5 3. e5 Bf5 4. Nf3 e6 5. Be2 Ne7 6. O-O Ng6 7. Ne1 h5 8. Bd3 Nh4 9. Nd2 Nd7 10. c3 Bxd3 11. Nxd3 Nf5 12. Nf3 Be7 13. Re1 c5 14. dxc5 Nxc5 15. Be3 Qc7 16. Bxc5 Bxc5 17. Qa4+ Ke7 18. Rad1 a6 19. h3 Rac8 20. Qf4 Kf8 21. g4 hxg4 22. hxg4 Nh4 23. Ng5 Qe7 24. Re2 Qxg5 25. Qxg5 Nf3+ 26. Kg2 Nxg5 27. Nxc5 Rxc5 28. f4 Rc4 29. fxg5 Rxg4+ 30. Kf3 Rxg5 31. c4 Rh3+ 32. Kf4 Rgh5 33. cxd5 R5h4+ 34. Kg5 Rh5+ 35. Kg4 exd5 36. Rxd5 Ke7 37. Red2 R3h4+ 38. Kg3 Rb4 39. Rd7+ Ke6 40. b3 Rg5+ 41. Kf3 Rf5+ 42. Kg3 Rg5+ 43. Kf3 Rh5 44. R2d6+ Kxe5 45. Rd5+ Ke6 46. R7d6+ Ke7 47. Rd7+ Ke6 48. R7d6+ Ke7 49. Rd7+ Ke6 1/2-1/2

[Event "November 21 Late 2023"]
[Site "https://www.chess.com"]
[Date "2023.11.21"]
[Round "4"]
[White "Xu, Yi"]
[Black "Shimanov, Aleksandr"]
[Result "0-1"]
[Board "10"]
[TimeControl "180+1"]
[WhiteFideId "8605564"]
[BlackFideId "4198603"]
[WhiteElo "2460"]
[BlackElo "2611"]
[WhiteTeam "CHN"]
[BlackTeam "RUS"]
[WhiteClock "0:00:00"]
[BlackClock "0:01:52"]

1. e4 e5 2. Nf3 Nc6 3. Bc4 Nf6 4. d3 Be7 5. O-O O-O 6. Nc3 d6 7. a3 Be6 8. Re1 Qd7 9. Nd5 Bd8 10. Nxf6+ Bxf6 11. Bxe6 fxe6 12. Be3 a5 13. d4 exd4 14. Nxd4 Bxd4 15. Bxd4 e5 16. Be3 Qe6 17. a4 Rf7 18. f3 h6 19. c3 Kh7 20. Qd5 Qxd5 21. exd5 Ne7 22. Rad1 g5 23. c4 b6 24. b3 Rg8 25. h3 Nf5 26. Bf2 h5 27. Re4 Nh6 28. Be3 Nf5 29. Bf2 Ne7 30. Rd3 Ng6 31. Bg3 Rgf8 32. Kf2 Ne7 33. Ke2 Ng8 34. Kd1 Nf6 0-1

[Event "November 21 Late 2023"]
[Site "https://www.chess.com"]
[Date "2023.11.21"]
[Round "4"]
[White "Tactrics"]
[Black "Troff, Kayden"]
[Result "1-0"]
[Board "11"]
[TimeControl "180+1"]
[BlackFideId "2047896"]
[WhiteElo "2903"]
[BlackElo "2544"]
[BlackTeam "USA"]
[WhiteClock "0:01:06"]
[BlackClock "0:00:06"]

1. e4 c5 2. Nf3 g6 3. Bc4 Bg7 4. O-O e6 5. Re1 Ne7 6. c3 O-O 7. d3 d5 8. Bb3 h6 9. Bf4 Nbc6 10. h3 b5 11. a4 b4 12. Qc1 Kh7 13. Nbd2 Ba6 14. Qc2 bxc3 15. bxc3 d4 16. c4 e5 17. Bg3 Nb4 18. Qb1 Nec6 19. Bd1 Rb8 20. Be2 Nd5 21. exd5 Rxb1 22. Raxb1 Nb4 23. Nxe5 f5 24. Nc6 Nxc6 25. dxc6 f4 26. Bh2 Bc8 27. Ne4 Qc7 28. Bf3 Rf5 29. g4 Rf7 30. Nxc5 g5 31. Re8 Bf6 32. Rb7 Bxb7 33. cxb7 Be5 34. Be4+ Kg7 35. Ne6+ Kf6 36. Nxc7 Bxc7 37. b8=Q Bxb8 38. Rxb8 Ke5 39. Rb5+ Kd6 40. f3 Kc7 41. Kf1 Rd7 42. Bg1 a6 43. Rb7+ 1-0

[Event "November 21 Late 2023"]
[Site "https://www.chess.com"]
[Date "2023.11.21"]
[Round "4"]
[White "Kamsky, Gata"]
[Black "Tatarinov, Dmitry"]
[Result "1-0"]
[Board "12"]
[TimeControl "180+1"]
[WhiteFideId "2000024"]
[BlackFideId "24160067"]
[WhiteElo "2660"]
[BlackElo "2344"]
[WhiteTeam "USA"]
[BlackTeam "RUS"]
[WhiteClock "0:00:41"]
[BlackClock "0:00:25"]

1. d4 Nf6 2. Nf3 e6 3. Bf4 c5 4. e3 b6 5. Nbd2 Bb7 6. a4 a6 7. h3 Be7 8. Bd3 O-O 9. O-O d6 10. Bh2 Qc7 11. c3 cxd4 12. cxd4 Rc8 13. e4 Qd8 14. Re1 Nc6 15. Rc1 Bf8 16. Rc3 Nb4 17. Bb1 Rxc3 18. bxc3 Nc6 19. Qc2 e5 20. dxe5 dxe5 21. Nxe5 Nxe5 22. Bxe5 Rc8 23. Ba2 Nd7 24. Bd4 Nc5 25. Nf3 Qe8 26. Ng5 Qxa4 27. Bxf7+ Kh8 28. Qxa4 Nxa4 29. Be6 h6 30. Bxc8 Bxc8 31. Nf3 b5 32. Ra1 Kg8 33. Ne5 Be6 34. f4 a5 35. f5 Bb3 36. Kf2 b4 37. cxb4 Bxb4 38. Nc6 Bc3 39. Bxc3 Nxc3 40. Rxa5 Nxe4+ 41. Ke3 Nf6 42. Ne7+ Kh7 43. g4 Bc4 44. Kf4 Bf1 45. h4 Be2 46. g5 Nh5+ 47. Ke5 hxg5 48. hxg5 Bd3 49. Ra8 Ng3 50. Kf4 Nh5+ 51. Kg4 Be2+ 52. Kh4 Nf4 53. g6+ 1-0

[Event "November 21 Late 2023"]
[Site "https://www.chess.com"]
[Date "2023.11.21"]
[Round "4"]
[White "Margvelashvili, Giorgi"]
[Black "Sjugirov, Sanan"]
[Result "0-1"]
[Board "13"]
[TimeControl "180+1"]
[WhiteFideId "13602926"]
[BlackFideId "4189302"]
[WhiteElo "2549"]
[BlackElo "2569"]
[WhiteTeam "GEO"]
[BlackTeam "HUN"]
[WhiteClock "0:00:04"]
[BlackClock "0:00:28"]

1. Nf3 d5 2. c4 e6 3. e3 Nf6 4. b3 Bd6 5. Bb2 O-O 6. Nc3 Nc6 7. d4 dxc4 8. bxc4 e5 9. d5 Nb4 10. a3 Na6 11. Qc2 Nc5 12. Be2 e4 13. Nd2 Re8 14. Nb5 Be5 15. h3 Bf5 16. Bxe5 Rxe5 17. Nd4 Bg6 18. O-O Qd7 19. Kh1 Rae8 20. Rfe1 Rg5 21. Nf1 Bh5 22. Bxh5 Rxh5 23. Ng3 Rxh3+ 24. gxh3 Qxh3+ 25. Kg1 Ng4 26. Qe2 Nd3 27. Red1 Ndxf2 28. Qxf2 Nxf2 29. Kxf2 Qh2+ 30. Ke1 Qxg3+ 31. Kd2 b5 32. Rg1 Qh2+ 33. Ne2 bxc4 34. Rac1 Rd8 35. Rxc4 Rxd5+ 36. Ke1 Qh4+ 37. Rg3 c5 38. Ra4 h5 39. Rxa7 Rg5 40. Ra8+ Kh7 41. Kf2 Qh2+ 0-1

[Event "November 21 Late 2023"]
[Site "https://www.chess.com"]
[Date "2023.11.21"]
[Round "4"]
[White "mind1mover"]
[Black "Krzyzanowski, Marcin"]
[Result "1/2-1/2"]
[Board "14"]
[TimeControl "180+1"]
[BlackFideId "1132199"]
[WhiteElo "2879"]
[BlackElo "2471"]
[BlackTeam "POL"]
[WhiteClock "0:00:03"]
[BlackClock "0:00:03"]

1. Nf3 c5 2. b3 Nc6 3. Bb2 Nf6 4. e3 g6 5. Bb5 Bg7 6. Bxc6 bxc6 7. O-O O-O 8. c4 d6 9. d4 cxd4 10. exd4 Ne4 11. h3 a5 12. Nc3 Nxc3 13. Bxc3 a4 14. Re1 e6 15. bxa4 Ba6 16. Nd2 c5 17. Ne4 Bxc4 18. dxc5 Bxc3 19. Nxc3 dxc5 20. Qc1 Bd3 21. Qf4 Qd4 22. Qd2 Bf5 23. Qc1 Rfd8 24. Ne2 Qxa4 25. Qxc5 Rac8 26. Qe5 Rd2 27. Ng3 Qa7 28. Re3 Rcc2 29. Nxf5 exf5 30. Rf1 Qxa2 31. Qf6 Rc8 32. Rfe1 Rdd8 33. Re7 Rf8 34. h4 h5 35. Rd1 Ra8 36. Rdd7 Qa1+ 37. Qxa1 Rxa1+ 38. Kh2 Kg7 39. Ra7 Rxa7 40. Rxa7 Rb8 41. Ra2 Rb4 42. g3 f4 43. Kg2 Rb6 44. gxf4 Kf6 45. Kg3 Rb5 46. Ra7 Ke6 47. Rc7 f6 48. Rc3 Kd5 49. Re3 Rb1 50. Kg2 Rc1 51. Kh2 Rd1 52. Kg2 Rd4 53. Kg3 Rc4 54. Rd3+ Ke4 55. Re3+ Kf5 56. Ra3 Rc5 57. Re3 Ra5 58. Rc3 Ra1 59. Rc5+ Ke4 60. Rc4+ Kd3 61. Rc6 f5 62. Kf3 Rg1 63. Rd6+ Kc4 64. Rd8 Rg4 65. Rd6 Kc5 66. Rf6 Kd5 67. Ra6 Rxh4 68. Rxg6 Rh3+ 69. Kg2 Rh4 70. Kf3 Rh3+ 71. Kg2 Ra3 72. Rg5 Ke4 73. Rxh5 Ra8 74. Rh3 Kxf4 75. Rg3 Ra1 76. Rf3+ Kg4 77. Re3 f4 78. Re4 Ra2 79. Rc4 Rb2 80. Ra4 Rc2 81. Rb4 Ra2 1/2-1/2

[Event "November 21 Late 2023"]
[Site "https://www.chess.com"]
[Date "2023.11.21"]
[Round "4"]
[White "Rustemov, Alexander"]
[Black "Krysa, Leandro"]
[Result "1/2-1/2"]
[Board "15"]
[TimeControl "180+1"]
[WhiteFideId "4119002"]
[BlackFideId "116807"]
[WhiteElo "2872"]
[BlackElo "2495"]
[WhiteTeam "RUS"]
[BlackTeam "ARG"]
[WhiteClock "0:01:24"]
[BlackClock "0:00:38"]

1. d4 Nf6 2. c4 g6 3. Nf3 Bg7 4. g3 d5 5. cxd5 Nxd5 6. Bg2 Nb6 7. O-O Nc6 8. e3 e5 9. Nc3 exd4 10. exd4 O-O 11. Bg5 f6 12. Bf4 Be6 13. Re1 Bf7 14. d5 Nxd5 15. Nxd5 Qxd5 16. Bxc7 Rac8 17. Qxd5 Bxd5 18. Bf4 f5 19. Ne5 Bxg2 20. Kxg2 Nxe5 21. Bxe5 Rc2 22. Bxg7 Kxg7 23. Rab1 Rf7 24. Kf3 Rd7 25. Rbd1 Rxd1 26. Rxd1 Rxb2 27. Rd7+ Kf6 28. Rxh7 a5 29. a4 g5 30. h4 gxh4 31. Rxh4 Ke5 32. Ke3 Rb3+ 33. Ke2 Rb2+ 34. Ke3 Rb3+ 35. Ke2 b6 36. Rh6 Rb2+ 37. Ke3 Rb3+ 38. Ke2 Ke4 39. Re6+ Kd5 40. Rf6 Ke5 41. Rh6 1/2-1/2

[Event "November 21 Late 2023"]
[Site "https://www.chess.com"]
[Date "2023.11.21"]
[Round "4"]
[White "Jakubowski, Krzysztof"]
[Black "Kovalev, Vladislav"]
[Result "0-1"]
[Board "16"]
[TimeControl "180+1"]
[WhiteFideId "1112848"]
[BlackFideId "13504398"]
[WhiteElo "2369"]
[BlackElo "2539"]
[WhiteTeam "POL"]
[BlackTeam "FID"]
[WhiteClock "0:00:02"]
[BlackClock "0:00:04"]

1. e4 e5 2. Nf3 Nc6 3. Bc4 Nf6 4. Ng5 d5 5. exd5 Na5 6. Bb5+ c6 7. dxc6 bxc6 8. Bd3 Nd5 9. h4 Nf4 10. Bf1 h6 11. Ne4 f5 12. Nec3 Qf6 13. d3 Ne6 14. a3 Bd6 15. Nd2 O-O 16. b4 Nb7 17. Bb2 a5 18. b5 cxb5 19. Nxb5 Bb8 20. Be2 Bd7 21. a4 Nbc5 22. Bf3 Ra6 23. Bd5 Kh8 24. Nc4 Nf4 25. Bf3 Nxa4 26. Rxa4 Bxb5 27. Ra1 Bxc4 28. dxc4 Qb6 29. Rb1 Qb4+ 30. Kf1 Qxc4+ 31. Kg1 e4 32. Qd7 Rg6 33. h5 Rg5 34. Qe7 exf3 35. Bxg7+ Rxg7 36. Qxf8+ Qg8 37. Qxg8+ Rxg8 38. g3 Ne2+ 39. Kf1 Be5 40. Rh4 f4 41. Rb5 fxg3 42. fxg3 Bxg3 43. Re4 Rd8 44. Rb1 Nc3 45. Re6 Nxb1 46. Rxh6+ Kg7 47. Rg6+ Kf7 48. Rxg3 Nd2+ 49. Ke1 a4 50. Rg4 Ra8 51. Rxa4 Rxa4 0-1

[Event "November 21 Late 2023"]
[Site "https://www.chess.com"]
[Date "2023.11.21"]
[Round "4"]
[White "Lizak, Peter"]
[Black "Carlsen, Magnus"]
[Result "0-1"]
[Board "17"]
[TimeControl "180+1"]
[WhiteFideId "731595"]
[BlackFideId "1503014"]
[WhiteElo "2420"]
[BlackElo "2887"]
[WhiteTeam "HUN"]
[BlackTeam "NOR"]
[WhiteClock "0:02:10"]
[BlackClock "0:02:35"]

1. d4 h6 2. Nc3 a6 3. e4 e6 4. h4 b5 5. a3 Bb7 6. h5 Nf6 7. f3 c5 8. Nge2 cxd4 9. Nxd4 Qc7 10. Be3 b4 11. axb4 Bxb4 12. Qd2 d5 13. e5 Qxe5 14. O-O-O Qc7 15. g4 Nbd7 16. g5 hxg5 17. Bxg5 Bxc3 18. bxc3 Rxh5 19. Rxh5 Nxh5 20. Bf4 Qxf4 0-1

[Event "November 21 Late 2023"]
[Site "https://www.chess.com"]
[Date "2023.11.21"]
[Round "4"]
[White "Wagner, Dennis"]
[Black "Le, Quang Liem"]
[Result "0-1"]
[Board "18"]
[TimeControl "180+1"]
[WhiteFideId "24650684"]
[BlackFideId "12401137"]
[WhiteElo "2482"]
[BlackElo "2665"]
[WhiteTeam "GER"]
[BlackTeam "VIE"]
[WhiteClock "0:00:02"]
[BlackClock "0:00:19"]

1. d4 Nf6 2. c4 e6 3. Nf3 d5 4. g3 dxc4 5. Bg2 c6 6. a4 c5 7. O-O Nc6 8. dxc5 Qxd1 9. Rxd1 Bxc5 10. Nbd2 Na5 11. Ne5 c3 12. bxc3 O-O 13. Bb2 Rb8 14. c4 b6 15. Nd3 Bd6 16. Bc3 Ba6 17. Rac1 Ba3 18. Rc2 Nxc4 19. Nxc4 Bxc4 20. Bxf6 Bb3 21. Rc3 Bxd1 22. Bxg7 Kxg7 23. Rxa3 Bxe2 24. Nf4 Bc4 25. h4 Rfd8 26. Be4 f5 27. Rc3 Rd4 28. Bd3 Rc8 29. Bxc4 Rdxc4 30. Nxe6+ Kf6 31. Re3 Re8 32. Nf4 Rxe3 33. Nd5+ Ke5 34. Nxe3 Rxa4 35. Kg2 b5 36. Nd1 Rc4 37. Nb2 Rc3 38. Nd1 Rb3 0-1

[Event "November 21 Late 2023"]
[Site "https://www.chess.com"]
[Date "2023.11.21"]
[Round "4"]
[White "Hansen, Sune Berg"]
[Black "Muradli, Mahammad"]
[Result "0-1"]
[Board "19"]
[TimeControl "180+1"]
[WhiteFideId "1400266"]
[BlackFideId "13409301"]
[WhiteElo "2718"]
[BlackElo "2551"]
[WhiteTeam "DEN"]
[BlackTeam "AZE"]
[WhiteClock "0:00:24"]
[BlackClock "0:00:06"]

1. e4 d6 2. d4 Nf6 3. Bd3 g6 4. Nf3 Bg7 5. O-O O-O 6. Re1 Nc6 7. d5 Nb8 8. h3 c6 9. c4 a5 10. Nc3 Na6 11. Be3 Nd7 12. Rc1 Nac5 13. Bb1 Qb6 14. Qd2 a4 15. Bd4 Bxd4 16. Nxd4 Ne5 17. Nce2 Qa5 18. Red1 Qxd2 19. Rxd2 cxd5 20. exd5 Ned7 21. Nc3 Nb6 22. b3 axb3 23. axb3 Bd7 24. Rb2 Ra3 25. Re1 Re8 26. Bc2 Kf8 27. Ndb5 Bxb5 28. Nxb5 Ra5 29. Nd4 Rea8 30. Rbb1 Ra2 31. Kf1 Na6 32. Re2 Nb4 33. Bd1 Ra1 34. Rxa1 Rxa1 35. Rd2 Nd7 36. Ke2 Rb1 37. Ke3 Nc5 38. f4 Rc1 39. Ne2 Ra1 40. Nd4 Ke8 41. g4 Kd8 42. g5 Kc7 43. h4 Kb6 44. h5 Ka5 45. f5 gxh5 46. Bxh5 Re1+ 47. Re2 Rh1 48. Bxf7 Rh3+ 49. Kf4 Rh4+ 50. Ke3 Re4+ 51. Kd2 Rxd4+ 52. Kc3 Re4 53. Rxe4 Nxe4+ 54. Kd4 Nxg5 55. Bg8 h5 56. Ke3 h4 57. Kf4 h3 58. Kg3 Nd3 0-1

[Event "November 21 Late 2023"]
[Site "https://www.chess.com"]
[Date "2023.11.21"]
[Round "4"]
[White "Deac, Bogdan-Daniel"]
[Black "Bjelobrk, Igor"]
[Result "1-0"]
[Board "20"]
[TimeControl "180+1"]
[WhiteFideId "1226380"]
[BlackFideId "4300726"]
[WhiteElo "2641"]
[BlackElo "2319"]
[WhiteTeam "ROU"]
[BlackTeam "AUS"]
[WhiteClock "0:00:12"]
[BlackClock "0:00:28"]

1. b3 c5 2. Bb2 d6 3. e3 Nc6 4. d4 cxd4 5. exd4 d5 6. Bd3 Nf6 7. a3 Bg4 8. Nf3 e6 9. Nbd2 Be7 10. O-O O-O 11. Qe1 Rc8 12. Qe3 Bh5 13. c4 a5 14. Rac1 b6 15. Rfe1 Bg6 16. Bf1 Ne4 17. cxd5 exd5 18. Bb5 Na7 19. Bd3 Nxd2 20. Qxd2 Bxd3 21. Qxd3 Rxc1 22. Bxc1 Nc8 23. Qb5 Bd6 24. Ne5 Ne7 25. Nd7 Re8 26. Nxb6 Qb8 27. a4 Bxh2+ 28. Kh1 Bc7 29. Nxd5 Qxb5 30. axb5 Bd6 31. Nxe7+ Rxe7 32. Rxe7 Bxe7 33. b6 Bd6 34. g3 Kf8 35. Bf4 Ke7 36. b7 1-0

[Event "November 21 Late 2023"]
[Site "https://www.chess.com"]
[Date "2023.11.21"]
[Round "4"]
[White "Annaberdiyev, Meylis"]
[Black "Khismatullin, Denis"]
[Result "0-1"]
[Board "21"]
[TimeControl "180+1"]
[WhiteFideId "14000563"]
[BlackFideId "4142578"]
[WhiteElo "2405"]
[BlackElo "2552"]
[WhiteTeam "TKM"]
[BlackTeam "RUS"]
[WhiteClock "0:00:00"]
[BlackClock "0:00:10"]

1. e4 c5 2. Nc3 e6 3. f4 Nc6 4. Nf3 d5 5. Bb5 Ne7 6. O-O a6 7. Bxc6+ Nxc6 8. d3 Be7 9. Kh1 O-O 10. Ne5 Nd4 11. Ne2 f6 12. Ng4 dxe4 13. dxe4 e5 14. f5 b5 15. Ne3 Bb7 16. Nc3 Qe8 17. Ncd5 Rd8 18. c3 Nc6 19. Qg4 Rd7 20. a4 c4 21. axb5 axb5 22. Rf3 Bc5 23. Rg3 Qf7 24. Qh4 Kh8 25. Rh3 Qg8 26. Bd2 Ne7 27. Nxe7 Bxe7 28. Be1 Bc5 29. Bf2 Rfd8 30. Nd5 Bxf2 31. Qxf2 Bxd5 32. exd5 Qxd5 33. Re3 h6 34. h3 Qc5 35. Qg3 Rd2 36. Kh2 R2d3 37. Rae1 b4 38. Qf2 Rd2 39. R1e2 bxc3 40. bxc3 Rxe2 41. Qxe2 Qd5 42. Re4 Qd3 43. Qe3 Qxe3 44. Rxe3 Rd3 45. Rf3 Kg8 46. Kg3 Kf7 47. Kg4 Ke7 48. Kh5 e4 49. Rf4 Re3 50. g4 Kd6 51. Kg6 Ke5 52. Rf1 Rxh3 53. Kxg7 Rg3 54. Kxh6 Rxg4 55. Rd1 e3 56. Rd7 Ke4 57. Re7+ Kf3 58. Re6 Re4 59. Kg6 e2 60. Rxf6 e1=Q 0-1

[Event "November 21 Late 2023"]
[Site "https://www.chess.com"]
[Date "2023.11.21"]
[Round "4"]
[White "Fiorito, Francisco"]
[Black "Rasulov, Vugar"]
[Result "0-1"]
[Board "22"]
[TimeControl "180+1"]
[WhiteFideId "180165"]
[BlackFideId "13402390"]
[WhiteElo "2318"]
[BlackElo "2517"]
[WhiteTeam "ARG"]
[BlackTeam "AZE"]
[WhiteClock "0:00:10"]
[BlackClock "0:00:51"]

1. Nf3 Nf6 2. g3 b5 3. Bg2 Bb7 4. O-O g6 5. b3 Bg7 6. Bb2 O-O 7. d3 c5 8. e4 d6 9. a4 a6 10. Nc3 b4 11. Ne2 e5 12. Nd2 Nc6 13. Nc4 a5 14. h3 Re8 15. f4 exf4 16. Nxf4 Nd4 17. Bxd4 cxd4 18. Qf3 Rc8 19. Rae1 Rc5 20. Kh2 h5 21. Re2 Kh7 22. Kh1 Rg5 23. h4 Rc5 24. Nh3 Bc8 25. Ng5+ Kg8 26. Ref2 Rf8 27. Qf4 Ng4 28. Re2 Be5 29. Qf3 Qe7 30. Bh3 Kg7 31. Qg2 f6 32. Nf3 Be6 33. Nh2 Bxc4 34. bxc4 Ne3 35. Rxe3 dxe3 36. Nf3 Bc3 37. Qe2 Bd2 38. d4 Rc7 39. d5 Qxe4 40. Bg2 Qxc4 41. Qd1 e2 42. Qa1 exf1=Q+ 43. Bxf1 Qxd5 44. Bg2 Rxc2 45. Kh2 Qxf3 46. Qd4 Qxg2+ 0-1

[Event "November 21 Late 2023"]
[Site "https://www.chess.com"]
[Date "2023.11.21"]
[Round "4"]
[White "Remizov, Yaroslav"]
[Black "MKlose11"]
[Result "1-0"]
[Board "23"]
[TimeControl "180+1"]
[WhiteFideId "34134015"]
[WhiteElo "2420"]
[BlackElo "2652"]
[WhiteTeam "RUS"]
[WhiteClock "0:00:03"]
[BlackClock "0:00:29"]

1. e4 e6 2. Nc3 d5 3. g3 Nf6 4. Bg2 Be7 5. d4 O-O 6. Nge2 c5 7. exd5 exd5 8. dxc5 Be6 9. Nf4 Bxc5 10. Nxe6 fxe6 11. O-O Nc6 12. Bf4 Qd7 13. Qd2 Rad8 14. h3 h6 15. Rad1 a6 16. g4 Kh8 17. Bg3 Bb4 18. a3 Ba5 19. b4 Bb6 20. Rfe1 Rfe8 21. Bh4 Rf8 22. Na4 Ba7 23. Nc5 Bxc5 24. bxc5 Rde8 25. Bg3 Rc8 26. Bd6 Rfe8 27. Rb1 Nd8 28. f4 Nf7 29. g5 hxg5 30. fxg5 Nxd6 31. cxd6 Nh7 32. Qf4 Kg8 33. g6 Nf8 34. Rf1 Nxg6 35. Qg3 Nh8 36. Rb4 Rf8 37. Rxf8+ Rxf8 38. Rh4 Rf6 39. c4 Nf7 40. cxd5 e5 41. Rg4 Nxd6 42. Qxe5 Qf7 43. Kh2 Rf5 44. Qxd6 Rf6 45. Qd8+ Kh7 46. Be4+ g6 47. Rh4+ Kg7 48. Qh8# 1-0

[Event "November 21 Late 2023"]
[Site "https://www.chess.com"]
[Date "2023.11.21"]
[Round "4"]
[White "Taher, Yoseph Theolifus"]
[Black "Lamard, Guillaume"]
[Result "1-0"]
[Board "24"]
[TimeControl "180+1"]
[WhiteFideId "7105347"]
[BlackFideId "600261"]
[WhiteElo "2352"]
[BlackElo "2409"]
[WhiteTeam "INA"]
[BlackTeam "FRA"]
[WhiteClock "0:00:39"]
[BlackClock "0:00:00"]

1. d4 Nf6 2. Nc3 d5 3. Bf4 c5 4. e4 e6 5. exd5 Nxd5 6. Bb5+ Nc6 7. Bxc6+ bxc6 8. Be5 Qg5 9. Nf3 Qxg2 10. Rg1 Qh3 11. Nxd5 cxd5 12. Qe2 f6 13. Bf4 c4 14. O-O-O Kf7 15. Qe3 Qf5 16. c3 Bd7 17. Rg3 Ba4 18. Rd2 Be7 19. h4 h5 20. Ne1 Qe4 21. Qxe4 dxe4 22. Ng2 Bc6 23. Ne3 Bd5 24. Rd1 g6 25. Rdg1 Rhg8 26. Kc2 a5 27. b3 cxb3+ 28. axb3 a4 29. b4 a3 30. c4 a2 31. Ra1 Rgc8 32. Kb3 Bc6 33. b5 Bxb5 34. cxb5 Ra3+ 35. Kb2 Rcc3 36. Nc2 Rcb3+ 37. Kc1 Rxg3 38. fxg3 Ra5 39. b6 Rb5 40. Bc7 g5 41. Rxa2 gxh4 42. gxh4 f5 43. Ra7 Bxh4 44. b7 Bg5+ 45. Kd1 Kg6 46. b8=Q Rxb8 47. Bxb8 h4 48. Ke2 f4 49. Ne1 h3 50. Ra3 f3+ 51. Nxf3 exf3+ 52. Rxf3 1-0